 Dungeon Crawl Stone Soup version 0.30.1 (webtiles) character file.

Game seed: 1604440556988679466

17966 BreadTh the Brawler (level 12, -6/118 HPs)
             Began as a Troll Transmuter on July 12, 2023.
             Was a Follower of Ru.
             Mangled by an eight-headed hydra (9 damage)
             ... on level 13 of the Dungeon.
             The game lasted 00:40:44 (10099 turns).

BreadTh the Brawler (Troll Transmuter)             Turns: 10099, Time: 00:40:45

Health: -6/118     AC:  8    Str: 44    XL:     12   Next: 23%
Magic:  14/14      EV: 10    Int:  9    God:    Ru [*.....]
Gold:   612        SH:  0    Dex: 10    Spells: 15/15 levels left

rFire   . .          .
                       - Unarmed
rCold   . . .        (no shield)
rNeg    . . .        J - +1 robe of the Tick {-Cast +Inv Regen+ Str+7}
rPois   .            (helmet restricted)
rElec   .            g - +2 cloak
rCorr   .            (gloves unavailable)
SInv    .            (boots unavailable)
Will    .....        (no amulet)
Stlth   +            V - +6 ring of strength
HPRegen 1.99/turn    y - +6 ring of strength
MPRegen 0.14/turn

%: no spellcasting
@: no status effects
A: large, unfitting armour, claws 3, regeneration 1, shaggy fur 1, tough skin 1,
unskilled 1
a: Renounce Religion, Evoke Invisibility


You were on level 13 of the Dungeon.
You worshipped Ru.
Ru was aware of your devotion.
You visited 2 branches of the dungeon, and saw 14 of its levels.
You visited 1 bazaar.
You also visited: Ossuary.

You collected 789 gold pieces.
You spent 177 gold pieces at shops.

Inventory:

Hand Weapons
 t - the +3 dagger of the Known World {speed, MP+9 Int+4 Dex+3}
   (You found it on level 2 of the Dungeon)

   Int:       It affects your intelligence (+4).
   Dex:       It affects your dexterity (+3).
   MP:        It affects your magic capacity (+9).
 K - a +1 glaive of distortion
Missiles
 h - 14 javelins
 p - 142 stones
 A - 6 large rocks (quivered)
 E - 14 poisoned darts
 O - 2 throwing nets
Armour
 g - a +2 cloak (worn)
 o - a +0 tower shield
 J - the +1 robe of the Tick (worn) {-Cast +Inv Regen+ Str+7}
   (You bought it in a shop on level 5 of the Dungeon)

   Str:       It affects your strength (+7).
   +Inv:      It lets you turn invisible.
   -Cast:     It prevents spellcasting.
   Regen:     It increases your rate of health regeneration.
 Q - +0 steam dragon scales
Jewellery
 e - a ring of willpower
 w - a ring of ice
 y - a +6 ring of strength (right claw)
 D - a ring of see invisible
 F - a ring of protection from cold
 V - a +6 ring of strength (left claw)
 Z - a +6 ring of dexterity
Wands
 r - a wand of flame (8)
 N - a wand of roots (1)
 S - a wand of charming (5)
 W - a wand of polymorph (13)
Scrolls
 j - a scroll of blinking
 l - 2 scrolls of fog
 m - 2 scrolls of teleportation
 q - 11 scrolls of identify
 s - 2 scrolls of amnesia
 u - a scroll of magic mapping {unknown}
 H - 2 scrolls of enchant armour
 I - 4 scrolls of noise
 M - 5 scrolls of immolation
 T - 2 scrolls of vulnerability
 U - a scroll of butterflies
 Y - a scroll of silence
Potions
 b - 3 potions of lignification
 c - 3 potions of mutation
 d - 6 potions of brilliance
 i - a potion of haste {unknown}
 k - 6 potions of ambrosia
 n - 6 potions of heal wounds
 v - 3 potions of might
 x - 4 potions of berserk rage
 z - a potion of flight {unknown}
 B - 2 potions of degeneration {unknown}
 C - 3 potions of attraction {unknown}
 G - 6 potions of curing
 L - 2 potions of invisibility {unknown}
 P - a potion of cancellation {unknown}
 R - 4 potions of resistance {unknown}


   Skills:
 + Level 7.2 Fighting
 + Level 4.8 Throwing
 - Level 3.0 Dodging
 * Level 15.0 Unarmed Combat
 - Level 2.0 Spellcasting
 - Level 2.0 Transmutations


You had 15 spell levels left.
You didn't know any spells.
Your spell library contained the following spells:

 Spells                   Type           Power      Damage    Failure   Level
 Beastly Appendage        Tmut           8%         N/A       14%         1
 Wereblood                Tmut           4%         N/A       22%         2
 Necrotise                Necr           0%         1d4       32%         1
 Blink                    Tloc           0%         N/A       45%         2
 Spider Form              Tmut/Pois      2%         N/A       54%         3
 Call Canine Familiar     Summ           0%         N/A       69%         3
 Frozen Ramparts          Ice            0%         1d1       69%         3
 Portal Projectile        Hex/Tloc       0%         N/A       69%         3
 Summon Guardian Golem    Hex/Summ       0%         N/A       69%         3
 Ice Form                 Ice/Tmut       2%         N/A       91%         4
 Leda's Liquefaction      Hex/Erth       0%         N/A       97%         4
 Manifold Assault         Tloc           0%         N/A       97%         4
 Summon Ice Beast         Ice/Summ       0%         N/A       97%         4
 Orb of Destruction       Conj           0%         9d5       100%        7
 Spellforged Servitor     Conj/Summ      0%         N/A       100%        7
 Storm Form               Tmut/Air       1%         N/A       100%        7


Dungeon Overview and Level Annotations

Branches:
Dungeon (13/15)            Temple (1/1) D:5            Lair (0/5) D:10
    Orc (0/2) D:11        Ossuary (visited)
 Vaults: D:13-14

Altars:
Ashenzari
Cheibriados
Dithmenos
Elyvilon
Fedhas
Gozag
Hepliaklqana
Kikubaaqudgha
Makhleb
Nemelex Xobeh
Okawaru
Qazlal
Ru
Sif Muna
Trog
Uskayaw
Vehumet
Wu Jian
Xom
Yredelemnul
Zin
The Shining One

Shops:
D:5 [   D:6 :   D:9 ?[=(

Portals:
Bailey: D:8

Annotations:
D:10 3 runed translucent doors, H0rd4k's ghost, journeyman HuAr; McKennaii's ghost, journeyman DgCj; Quickbrownfox's ghost, novice DsCj


Innate Abilities, Weirdness & Mutations

You are too large for most types of armour.
You have claws for hands.
Your natural rate of healing is unusually fast.
You are covered in fur. (AC +1)
You have tough skin. (AC +1)
You are somewhat unskilled. (-1 Apt)


Message History

You rip one of the six-headed hydra's heads off!
The five-headed hydra grows two more!
You claw the seven-headed hydra!
The seven-headed hydra is severely wounded.
The seven-headed hydra closely misses you.
The seven-headed hydra bites you. The seven-headed hydra misses you.
The seven-headed hydra barely misses you.
The seven-headed hydra bites you! The seven-headed hydra bites you.
* * * LOW HITPOINT WARNING * * *
The seven-headed hydra bites you but does no damage.
You claw one of the seven-headed hydra's heads off!
The six-headed hydra grows two more!
You scratch the eight-headed hydra.
The eight-headed hydra is severely wounded.
The eight-headed hydra barely misses you.
The eight-headed hydra bites you.
* * * LOW HITPOINT WARNING * * *
The eight-headed hydra bites you but does no damage.
The eight-headed hydra bites you!
* * * LOW HITPOINT WARNING * * *
The eight-headed hydra closely misses you.
The eight-headed hydra bites you but does no damage.
The eight-headed hydra bites you!
* * * LOW HITPOINT WARNING * * *
The eight-headed hydra bites you!
* * * LOW HITPOINT WARNING * * *
Unknown command.
You feel much better.
The eight-headed hydra bites you but does no damage.
The eight-headed hydra bites you.
* * * LOW HITPOINT WARNING * * *
The eight-headed hydra bites you!
* * * LOW HITPOINT WARNING * * *
The eight-headed hydra barely misses you.
The eight-headed hydra bites you!
* * * LOW HITPOINT WARNING * * *
The eight-headed hydra bites you!
* * * LOW HITPOINT WARNING * * *
The eight-headed hydra bites you.
* * * LOW HITPOINT WARNING * * *
The eight-headed hydra bites you!
You die...

.. . ## #...###
##.#....
###.(....# .#
.........# .. ...
......D#.# .## ..
$......@.##. ..#
.. ......#...#.
#.# . #####
#.#.#.# #.# .#
#.#.#.# #.###.#
#.#.#.###.....#
#.#.#.##..#<###
#.#.#.#..##...^#
#.....[.###.......
#......## ##......


You could see an eight-headed hydra.

Vanquished Creatures
  4 two-headed ogres
  Urug (D:12)
  Pikel (D:8)
  2 ugly things (D:11)
  A cyclops (D:12)
  6 centaur zombies (D:12)
  The ghost of Graphine the Chopper, a novice HOFi of the Shining One (D:5)
  A komodo dragon (D:10)
  2 trolls
  Prince Ribbit (D:9)
  2 shadows
  7 wraiths
  4 wyverns
  2 vampires (D:12)
  A steam dragon (D:6)
  21 yaks
  2 vampire mosquitoes (D:11)
  3 acid dragons
  Menkaure (D:7)
  3 ice beasts
  2 orc warriors
  3 black bears
  2 sky beasts (D:7)
  3 ogres
  The ghost of dondy the Ducker, an amateur DsGl (D:5)
  3 centaurs
  3 phantoms
  A lemure (D:8)
  2 kobold brigands
  2 bullfrogs (D:7)
  2 gnoll sergeants
  A scorpion (D:6)
  A water moccasin zombie (D:5)
  7 wights
  12 killer bees
  An electric eel (D:6)
  8 howler monkeys
  3 hounds
  A gnoll bouda (D:9)
  A jelly (D:7)
  An orc priest (D:10)
  Crazy Yiuf (D:7)
  3 sleepcaps
  An iguana (D:5)
  7 orc wizards
  3 mummies (Ossuary)
  A howler monkey zombie (D:5)
  4 adders
  11 gnolls
  A white imp (D:5)
  An ufetubus (D:4)
  A worm (D:2)
  2 dart slugs
  16 orcs
  9 endoplasms
  5 giant cockroaches
  A gnoll zombie (Ossuary)
  9 goblins
  7 hobgoblins
  18 kobolds
  2 quokkas
  8 ball pythons
  6 bats
  2 frilled lizards (D:1)
  5 goblin zombies (Ossuary)
  2 kobold zombies (Ossuary)
  An orc zombie (Ossuary)
  8 rats
261 creatures vanquished.

Notes
Turn   | Place    | Note
-------+----------+-------------------------------------------
     0 | D:1      | BreadTh the Troll Transmuter began the quest for the Orb.
     0 | D:1      | Reached XP level 1. HP: 18/18 MP: 1/1
   121 | D:1      | Reached XP level 2. HP: 24/26 MP: 2/2
   384 | D:1      | Reached skill level 4 in Unarmed Combat
   496 | D:1      | Reached XP level 3. HP: 32/32 MP: 3/3
  1192 | D:2      | Found an ornate altar of the Wu Jian Council.
  1378 | D:2      | Identified the +3 dagger of the Known World {speed, MP+9
                  | Int+4 Dex+3}
  1616 | D:3      | Reached XP level 4. HP: 40/40 MP: 5/5
  1665 | D:3      | Found a white marble altar of Elyvilon.
  2126 | D:4      | Noticed an ice beast
  2131 | D:4      | Killed an ice beast
  2132 | D:4      | Reached skill level 1 in Fighting
  2132 | D:4      | Reached skill level 5 in Unarmed Combat
  2132 | D:4      | Reached XP level 5. HP: 41/48 MP: 4/6
  2226 | D:4      | Reached skill level 1 in Throwing
  2227 | D:4      | Found a glowing silver altar of Zin.
  2367 | D:4      | Found a stormy altar of Qazlal.
  2787 | D:5      | Entered Level 5 of the Dungeon
  2807 | D:5      | Reached XP level 6. HP: 52/55 MP: 7/7
  2899 | D:5      | Reached skill level 6 in Unarmed Combat
  3023 | D:5      | Found a runed translucent door.
  3024 | D:5      | Noticed dondy's ghost (amateur DsGl)
  3043 | D:5      | Found a runed translucent gate.
  3043 | D:5      | Found a runed translucent gate.
  3043 | D:5      | Found a runed translucent gate.
  3043 | D:5      | Noticed Graphine's ghost (novice HOFi)
  3045 | D:5      | Found a basalt altar of Yredelemnul.
  3066 | D:5      | Reached XP level 7. HP: 52/62 MP: 9/9
  3132 | D:5      | Found a staircase to the Ecumenical Temple.
  3166 | D:5      | Found Isiobuif's Antique Armour Emporium.
  3174 | D:5      | Bought a colourful robe for 165 gold pieces
  3174 | D:5      | Identified the +1 robe of the Tick {-Cast +Inv Regen+
                  | Str+7} (You bought it in a shop on level 5 of the Dungeon)
  3295 | D:5      | Reached skill level 7 in Unarmed Combat
  3730 | D:6      | Reached skill level 8 in Unarmed Combat
  3730 | D:6      | Reached XP level 8. HP: 70/70 MP: 10/10
  3885 | D:6      | Reached skill level 9 in Unarmed Combat
  3900 | D:6      | HP: 2/70 [black bear (4)]
  4104 | D:6      | Found a shimmering blue altar of Sif Muna.
  4105 | D:6      | Found an ancient bone altar of Kikubaaqudgha.
  4105 | D:6      | Found a radiant altar of Vehumet.
  4108 | D:6      | Got Kikubaaqudgha's Book of the Charnel House
  4227 | D:6      | Reached skill level 5 in Throwing
  4277 | D:6      | Found Kusuq's Book Shop.
  4347 | D:6      | Reached XP level 9. HP: 79/79 MP: 11/11
  4446 | D:6      | Reached skill level 10 in Unarmed Combat
  4740 | D:7      | Found a runed translucent door.
  4741 | D:7      | Noticed Crazy Yiuf
  4746 | D:7      | Killed Crazy Yiuf
  4826 | D:7      | Found a sand-covered staircase.
  4831 | Ossuary  | Entered an ossuary
  5290 | D:7      | Reached skill level 11 in Unarmed Combat
  5406 | D:7      | Noticed Menkaure
  5409 | D:7      | Killed Menkaure
  5644 | D:7      | Found a shadowy altar of Dithmenos.
  5645 | D:7      | Found a bloodstained altar of Trog.
  5645 | D:7      | Found a sparkling altar of Nemelex Xobeh.
  5664 | D:7      | Found an iron altar of Okawaru.
  5708 | D:7      | Reached XP level 10. HP: 94/94 MP: 12/12
  5829 | Temple   | Entered the Ecumenical Temple
  6075 | Temple   | Became a worshipper of Ru the Awakened
  6129 | D:5      | Killed dondy's ghost
  6130 | D:5      | Reached skill level 12 in Unarmed Combat
  6168 | D:5      | Killed Graphine's ghost
  6413 | D:8      | Found a flagged portal.
  6479 | D:8      | Reached skill level 5 in Fighting
  6488 | D:8      | Noticed Pikel
  6505 | D:8      | Killed Pikel
  6506 | D:8      | Reached skill level 13 in Unarmed Combat
  6926 | D:9      | Found Zoefill's Armour Emporium.
  6961 | D:9      | Noticed a two-headed ogre
  6969 | D:9      | Killed a two-headed ogre
  6977 | D:9      | Found Sim Taosch's Jewellery Shoppe.
  7034 | D:9      | Found Pienwuamn's Antique Weapon Boutique.
  7314 | D:9      | Noticed Prince Ribbit
  7325 | D:9      | Killed Prince Ribbit
  7326 | D:9      | Reached XP level 11. HP: 88/105 MP: 13/13
  7380 | D:9      | Reached skill level 14 in Unarmed Combat
  7623 | D:9      | Found Kadof's Magic Scroll Emporium.
  7626 | D:9      | Bought a scroll of noise for 12 gold pieces
  7720 | D:10     | Entered Level 10 of the Dungeon
  7805 | D:10     | Noticed a two-headed ogre
  7808 | D:10     | Found a blossoming altar of Fedhas.
  7825 | D:10     | Killed a two-headed ogre
  8014 | D:10     | Noticed a two-headed ogre
  8020 | D:10     | Killed a two-headed ogre
  8086 | D:10     | Found a runed translucent gate.
  8086 | D:10     | Found a runed translucent gate.
  8086 | D:10     | Found a runed translucent gate.
  8091 | D:10     | Noticed McKennaii's ghost (journeyman DgCj)
  8091 | D:10     | Noticed H0rd4k's ghost (journeyman HuAr)
  8091 | D:10     | Noticed Quickbrownfox's ghost (novice DsCj)
  8151 | D:10     | You fall into a shaft and drop 3 floors!
  8180 | D:12     | Noticed Urug
  8216 | D:11     | Found a gateway to a bazaar.
  8226 | Bazaar   | Entered a bazaar
  8226 | Bazaar   | Found Luuvaost's Distillery.
  8241 | Bazaar   | Found Usho's Assorted Antiques.
  8250 | Bazaar   | Found Kiohekh's Assorted Antiques.
  8261 | Bazaar   | Found Jurua's Armour Shop.
  8323 | D:10     | Found a hazy altar of Hepliaklqana.
  8359 | D:10     | Found a staircase to the Lair.
  8783 | D:11     | Found a staircase to the Orcish Mines.
  8872 | D:11     | Reached skill level 15 in Unarmed Combat
  8949 | D:11     | Noticed a brown ugly thing
  8961 | D:11     | Killed a brown ugly thing
  9077 | D:11     | Noticed a green ugly thing
  9087 | D:11     | Killed a green ugly thing
  9383 | D:12     | Killed Urug
  9462 | D:12     | Noticed a two-headed ogre
  9467 | D:12     | Killed a two-headed ogre
  9549 | D:12     | Reached skill level 16 in Unarmed Combat
  9549 | D:12     | Reached XP level 12. HP: 103/119 MP: 14/14
  9560 | D:12     | Gained mutation: You are somewhat unskilled. (-1 Apt) [Ru
                  | sacrifice]
  9560 | D:12     | Reduced skill Unarmed Combat to level 14
  9560 | D:12     | Reduced skill Spellcasting to level 1
  9560 | D:12     | Reduced skill Transmutations to level 1
  9560 | D:12     | Reached * piety under Ru
  9757 | D:12     | Reached skill level 15 in Unarmed Combat
 10090 | D:13     | Noticed a four-headed hydra
 10098 | D:13     | HP: 5/118 [eight-headed hydra (8)]
 10099 | D:13     | Mangled by an eight-headed hydra

Illustrated notes

Levels and vault maps discovered:
D:1:      elethiomel_arrival_infinity_welcomes_careful_drivers, layout_basic,
          hangedman_decor_diamond_cutter, minmay_misc_feat_chi, minmay_circled_x
D:2:      kennysheep_the_goblin_king, layout_basic, basic_altar
D:3:      layout_rooms, elyvilon_altar_4
D:4:      layout_basic, overflow_temple_1_default, kennysheep_little_box
D:5:      layout_gridville, nicolae_yredelemnul_ghost_church, temple_pool_b,
          ebering_ghost_inner_flame, serial_shops, nicolae_shop_trees
D:6:      layout_loops_ring, grunt_temple_overflow_magic_moments, serial_shops,
          shop, kennysheep_diamond, kennysheep_generic_room_10
D:7:      minmay_inner_zag, layout_basic, nicolae_overflow_quartered_altars,
          enter_ossuary_5, uniq_menkaure, uniq_crazy_yiuf_cottage
D:8:      layout_rooms, enter_bailey_2, chequers_serial_rivers_marsh, uniq_pikel
D:9:      layout_small_grid, serial_shops, nicolae_shop_rolled_up,
          nicolae_shop_trees, nicolae_shop_tiny_glass, shop, uniq_prince_ribbit1
D:10:     layout_rooms, old_standard_altar, nicolae_overflow_hidden_temple,
          lair_entry_dummy, gammafunk_ghost_cemetery,
          nicolae_figureground_sparkle
D:11:     layout_roguey, orc_0_dummy, serial_shops, bzr_entry_water
D:12:     layout_small_grid, serial_undead, serial_undead_c, serial_undead_b,
          serial_undead_a, serial_undead_d, minivault_4, uniq_urug
D:13:     layout_rooms, nicolae_trove_entry_diagonal, minmay_misc_feat_five,
          chequers_big_river
Temple:   jpeg_temple_island

Skill      XL: |  1  2  3  4  5  6  7  8  9 10 11 12 |
---------------+-------------------------------------+-----
Unarmed Combat | 4 5 6 8 9 11 13 16 15 | 15.0
Dodging        | 2 3 3 |  3.0
Fighting       | 1 4 5 7 |  7.2
Throwing       | 1 2 3 5 4 |  4.8
Transmutations | 2 2 |  2.0
Spellcasting   | 2 2 |  2.0

Action                     |  1- 3 |  4- 6 |  7- 9 | 10-12 || total
---------------------------+-------+-------+-------+-------++-------
  Melee: Unarmed           |   101 |    74 |   203 |   308 ||   686
         Kick              |       |     4 |     1 |       ||     5
         Headbutt          |       |     1 |     1 |       ||     2
         Punch             |       |     2 |    10 |    28 ||    40
  Throw: Stone             |       |       |     2 |       ||     2
         Large rock        |       |       |     1 |     3 ||     4
         Dart              |       |       |       |     2 ||     2
   Cast: Beastly Appendage |       |     5 |     1 |       ||     6
 Invoke: Reject Sacrifices |       |       |       |     1 ||     1
         Sacrifice Skill   |       |       |       |     1 ||     1
    Use: Scroll            |       |       |    19 |     1 ||    20
         Potion            |       |       |       |     1 ||     1
   Stab: Sleeping          |     1 |       |       |       ||     1
         Distracted        |       |     1 |       |       ||     1
 Armour: Robe              |    33 |    12 |    45 |    83 ||   173
  Dodge: Dodged            |    38 |    30 |    75 |   105 ||   248
